 Dungeon Crawl Stone Soup version 0.29-a0-330-g52719c12eb (webtiles) character file.

Game seed: 13130165586658073013

303 Argons the Stinger (level 6, 0/45 HPs)
             Began as a Hill Orc Venom Mage on Apr 16, 2022.
             Slain by a phantom (5 damage)
             ... on level 4 of the Dungeon.
             The game lasted 00:23:19 (5384 turns).

Argons the Stinger (Hill Orc Venom Mage)            Turns: 5384, Time: 00:23:21

Health: 0/45       AC:  2    Str: 11    XL:     6   Next: 38%
Magic:  1/17       EV: 12    Int: 17    God:
Gold:   141        SH:  0    Dex: 11    Spells: 5/8 levels left

rFire   . . .      SeeInvis .   n - +0 dagger (venom)
rCold   . . .      Faith    .   (no shield)
rNeg    . . .      Spirit   .   a - +0 robe
rPois   .          Reflect  .   (no helmet)
rElec   .          Harm     .   (no cloak)
rCorr   +          Rampage  .   (no gloves)
Will    .....                   (no boots)
Stlth   ++........              (no amulet)
HPRegen 0.15/turn               h - ring of magical power
MPRegen 0.15/turn               l - ring of resist corrosion

@: no status effects
A: no striking features
a: no special abilities


You were on level 4 of the Dungeon.
You visited 1 branch of the dungeon, and saw 4 of its levels.

You collected 141 gold pieces.

Inventory:

Hand Weapons
 n - a +0 dagger of venom (weapon)
Missiles
 d - 9 poisoned darts (quivered)
Armour
 a - a +0 robe (worn)
Jewellery
 h - a ring of magical power (left hand)
 l - a ring of resist corrosion (right hand)
Wands
 i - a wand of mindburst (19)
Scrolls
 c - 4 scrolls of teleportation {unknown}
 f - a scroll of vulnerability {unknown}
 m - a scroll of torment {unknown}
 o - 2 scrolls of fear {unknown}
 q - a scroll of enchant armour {unknown}
Potions
 b - a potion of magic
 e - a potion of ambrosia
 g - a potion of invisibility
 j - a potion of berserk rage
 k - 2 potions of brilliance
 p - a potion of might


   Skills:
 - Level 1.9 Dodging
 - Level 2.0 Stealth
 - Level 1.8 Spellcasting
 - Level 1.1 Transmutations
 + Level 5.8 Poison Magic


You had 5 spell levels left.
You knew the following spells:

 Your Spells              Type           Power      Damage    Failure   Level
a - Sting                 Tmut/Pois      52%        1d5       4%          1
b - Poisonous Vapours     Pois/Air       22%        N/A       9%          2

Your spell library contained the following spells:

 Spells                   Type           Power      Damage    Failure   Level
 Olgreb's Toxic Radiance  Pois           21%        N/A       19%         4
 Mephitic Cloud           Conj/Pois/Air  8%         N/A       26%         3


Dungeon Overview and Level Annotations

Branches:
Dungeon (4/15)
 Temple: D:4-7

Altars:
Ashenzari


Message History

The sting hits the phantom.
The phantom partially resists.
The phantom is lightly damaged.
The phantom hits you.
* * * LOW HITPOINT WARNING * * *
Casting: Sting (safe; 4% risk of failure)
Confirm with . or Enter, or press ? or * to list all spells.
Aiming: Sting (safe; 4% risk of failure)
Press: ? - help, Shift-Dir - straight line, f/p - phantom
Aim: a phantom (lightly damaged, 60% to hit)
The sting hits the phantom.
The phantom is moderately damaged.
The phantom hits you.
* * * LOW HITPOINT WARNING * * *
The phantom blinks!
You blink.
Casting: Sting (safe; 4% risk of failure)
Confirm with . or Enter, or press ? or * to list all spells.
Aiming: Sting (safe; 4% risk of failure)
Press: ? - help, Shift-Dir - straight line, f/p - phantom
Aim: a phantom (moderately damaged, 60% to hit)
The sting hits the phantom.
The phantom partially resists.
The phantom is moderately damaged.
The phantom closely misses you.
Casting: Sting (safe; 4% risk of failure)
Confirm with . or Enter, or press ? or * to list all spells.
Aiming: Sting (safe; 4% risk of failure)
Press: ? - help, Shift-Dir - straight line, f/p - phantom
Aim: a phantom (moderately damaged, 60% to hit)
The sting hits the phantom.
The phantom partially resists.
The phantom is moderately damaged.
The phantom hits you.
* * * LOW HITPOINT WARNING * * *
Casting: Sting (safe; 4% risk of failure)
Confirm with . or Enter, or press ? or * to list all spells.
Aiming: Sting (safe; 4% risk of failure)
Press: ? - help, Shift-Dir - straight line, f/p - phantom
Aim: a phantom (moderately damaged, 60% to hit)
The sting hits the phantom but does no damage.
The phantom is moderately damaged.
The phantom hits you.
You die...

#.# #..
####.############.
#######.................
...........#############
#######.#### #.# #.# #W#
#@# #.# #.# #.# ..# ###


You could see a phantom.

Vanquished Creatures
  An orc priest (D:4)
  An iguana (D:4)
  An orc wizard (D:4)
  Robin (D:3)
  7 gnolls
  3 adders
  2 worms
  6 orcs
  6 endoplasms
  5 giant cockroaches
  18 goblins
  12 hobgoblins
  12 kobolds
  3 quokkas
  10 ball pythons
  10 bats
  3 frilled lizards
  4 rats
105 creatures vanquished.

Notes
Turn   | Place    | Note
-------+----------+-------------------------------------------
     0 | D:1      | Argons the Hill Orc Venom Mage began the quest for the Orb.
     0 | D:1      | Reached XP level 1. HP: 14/14 MP: 3/3
     0 | D:1      | Noticed a large abomination
     0 | D:1      | Noticed an ice dragon
     1 | D:1      | Noticed an ice dragon
     3 | D:1      | Noticed a tentacled monstrosity
     3 | D:1      | Noticed a large abomination
     5 | D:1      | Noticed an orb of fire
     6 | D:1      | Noticed a white draconian
     7 | D:1      | Noticed a tentacled monstrosity
    10 | D:1      | Noticed an iron dragon
    10 | D:1      | Noticed a tentacled monstrosity
    12 | D:1      | Noticed an orb of fire
    13 | D:1      | Noticed a red draconian
    16 | D:1      | Noticed a large abomination
    18 | D:1      | Noticed an orb of fire
    18 | D:1      | Noticed an orb of fire
   226 | D:1      | Reached XP level 2. HP: 12/20 MP: 0/4
   383 | D:1      | Found a faded altar of an unknown god.
   590 | D:1      | Reached skill level 1 in Transmutations
   888 | D:1      | Reached XP level 3. HP: 26/26 MP: 2/5
  1309 | D:1      | Learned a level 2 spell: Poisonous Vapours
  1334 | D:2      | Reached skill level 3 in Poison Magic
  1907 | D:2      | Reached XP level 4. HP: 33/33 MP: 6/6
  2653 | D:3      | Found a broken altar of Ashenzari.
  2980 | D:3      | Reached skill level 4 in Poison Magic
  3308 | D:3      | Noticed Robin
  3615 | D:3      | Reached XP level 5. HP: 38/38 MP: 7/7
  3760 | D:3      | Killed Robin
  4400 | D:2      | Reached skill level 5 in Poison Magic
  4682 | D:4      | Noticed a black bear
  4820 | D:4      | Reached XP level 6. HP: 29/45 MP: 8/8
  5384 | D:4      | Slain by a phantom

Illustrated notes

Levels and vault maps discovered:
D:1:      shiori_arrival_whats_in_store_for_you, layout_basic,
          shapermc_ecumenical_altar_flowoftime, chequers_serial_rivers_large_b
D:2:      layout_basic
D:3:      minmay_skewed_foursquare, layout_basic,
          mainiacjoe_overflow_tiny_flanked, minmay_misc_feat_rugged, uniq_robin
D:4:      layout_loops_ring, xom_teletrap_fun

Skill      XL: |  1  2  3  4  5 |
---------------+----------------+-----
Transmutations | 1 |  1.1
Stealth        | 2 |  2.0
Poison Magic   | 3 4 5 |  5.8
Dodging        | |  1.9
Spellcasting   | |  1.8

Action                   |  1- 3 |  4- 6 || total
-------------------------+-------+-------++-------
Melee: Unarmed           |     7 |     3 ||    10
       Dagger            |       |    28 ||    28
Throw: Dart              |       |    46 ||    46
 Cast: Sting             |    64 |   137 ||   201
  Use: Scroll            |       |     7 ||     7
Armor: Robe              |     7 |     8 ||    15
Dodge: Dodged            |    25 |    38 ||    63

Table legend: (Time is in decaauts)
 A = Elapsed time spent in this place.
 B = Non-inter-level travel time spent in this place.
 C = Inter-level travel time spent in this place.
 D = Time resting spent in this place.
 E = Time spent auto-exploring this place.
 F = Levels seen in this place.
 G = Mean time per level.
                   A        B        C        D        E       F      G
               +--------+--------+--------+--------+--------+-----+--------+
         Total |   5409 |   5099 |    310 |   1809 |    113 |   4 | 1352.2 |
       Dungeon |   5409 |   5099 |    310 |   1809 |    113 |   4 | 1352.2 |
               +--------+--------+--------+--------+--------+-----+--------+

Top non-repeatable levels by time:
     D:3: 1971 daAuts
     D:2: 1415 daAuts
     D:1: 1383 daAuts
     D:4: 639 daAuts
